Map: Romanticide LE

Players

goblin

  • Race: Protoss Protoss

Clem - Winner!

  • Race: Terran Terran

Event: DreamHack SC2 Masters 2021 Fall

VOD

Have the link to the VOD?

Description

Time

  • Played on: July 31, 2021, 3:12 p.m.
  • Length: 13:23

All games in this series

Show
View Real Time Build Order
Export as new Build Order

goblin Protoss 

Build Orders: 1 Gate Expand, Blink Stalkers 

Get SALT Encoding   

  12  0:00  Probe  
  13  0:12  Probe  
  14  0:17  Pylon  
  14  0:24  Probe (Chrono Boost)  
  15  0:36  Gateway  
  15  0:37  Probe (Chrono Boost)  
  16  0:43  Probe (Chrono Boost)  
  16  0:45  Assimilator  
  17  0:51  Probe  
  18  1:03  Probe  
  19  1:15  Probe  
  20  1:23  Nexus  
  20  1:30  Cybernetics Core  
  20  1:34  Probe  
  20  1:38  Assimilator  
  21  1:46  Pylon  
  21  1:48  Probe  
  22  2:00  Probe (Chrono Boost)  
  23  2:04  Stalker (Chrono Boost)  
  23  2:07  Warp Gate  
  25  2:12  Probe (Chrono Boost)  
  26  2:16  Twilight Council  
  26  2:18  Probe (Chrono Boost)  
  27  2:28  Stalker  
  29  2:30  Probe (Chrono Boost)  
  29  2:36  Probe (Chrono Boost)  
  32  2:47  Probe (Chrono Boost)  
  32  2:48  Probe (Chrono Boost)  
  33  2:54  Probe (Chrono Boost)  
  33  2:55  Robotics Facility, Probe  
  35  3:04  Blink (Chrono Boost)  
  35  3:06  Probe  
  35  3:09  Probe  
  37  3:17  Gateway  
  37  3:18  Probe  
  38  3:20  Gateway  
  38  3:22  Probe  
  39  3:28  Gateway  
  39  3:30  Probe  
  40  3:34  Probe  
  41  3:43  Probe  
  41  3:46  Probe  
  42  3:53  Observer (Chrono Boost)  
  42  3:55  Probe  
  42  4:02  Stalker  
  43  4:07  Probe  
  43  4:10  Warp Prism (Chrono Boost)  
  43  4:11  Pylon  
  43  4:12  Probe  
  46  4:25  Assimilator  
  46  4:26  Pylon  
  46  4:31  Stalker x2  
  48  4:32  Stalker  
  48  4:36  Stalker  
  54  4:44  Probe x2  
  56  4:46  Pylon  
  56  4:58  Probe  
  56  4:59  Probe  
  58  5:04  Stalker x2  
  58  5:05  Stalker x2  
  66  5:22  Probe  
  67  5:29  Pylon  
  67  5:30  Pylon, Stalker x2  
  70  5:38  Observer  
  70  5:47  Charge (Chrono Boost)  
  70  5:48  Probe  
  71  5:53  Stalker x3  
  77  6:03  Zealot, Probe  
  80  6:08  Observer  
  81  6:19  Stalker  
  81  6:20  Nexus, Stalker  
  81  6:21  Pylon  
  81  6:23  Pylon  
  85  6:26  Observer  
  85  6:32  Probe x2  
  86  6:39  Stalker x2  
  90  6:41  Stalker  
  92  6:47  Probe x2  
  87  7:05  Gateway  
  87  7:06  Gateway  
  87  7:08  Gateway  
  87  7:10  Gateway  
  87  7:11  Observer, Stalker  
  87  7:13  Zealot x3  
  96  7:16  Probe x2  
  96  7:18  Observer  
  96  7:22  Forge  
  96  7:32  Probe x3 (Chrono Boost)  
  99  7:37  Observer  
  99  7:42  Zealot x4, Probe x2 (Chrono Boost)  
  110  7:44  Probe (Chrono Boost)  
  109  7:55  Protoss Ground Weapons Level 1 (Chrono Boost)  
  109  8:03  Zealot x2  
  109  8:04  Zealot x3  
  117  8:08  Pylon  
  117  8:09  Pylon  
  117  8:24  Observer  
  117  8:26  Zealot  
  117  8:27  Zealot x5  
  123  8:39  Zealot x2  
  113  8:46  Zealot  
  113  8:47  Zealot x5  
  123  8:49  Templar Archives  
  123  8:54  Pylon  
  123  9:01  Pylon  
  107  9:05  Zealot x3  
  107  9:08  Zealot x5  
  87  9:18  Immortal (Chrono Boost)  
  87  9:20  Observer  
  87  9:26  Pylon  
  87  9:28  Sentry  
  89  9:32  High Templar x4  
  89  9:33  Zealot x2  
  89  9:34  Zealot  
  89  9:38  Archon x2  
  102  9:47  Protoss Ground Armor Level 1 (Chrono Boost)  
  101  9:53  Observer (Chrono Boost)  
  101  9:57  Zealot x4  
  101  9:59  Pylon  
  110  10:00  Nexus  
  110  10:06  Observer (Chrono Boost)  
  111  10:15  Stalker x4  
  111  10:19  Zealot x3  
  118  10:31  Zealot  
  112  10:42  Probe x2  
  114  10:45  Pylon  
  114  10:49  Pylon  
  114  10:51  Pylon  
  114  10:52  High Templar  
  114  10:53  Zealot x3  
  96  11:14  Zealot x3  
  96  11:15  Zealot x3  
  96  11:17  High Templar  
  82  11:25  Zealot  
  82  11:26  Archon  
  82  11:29  Probe x2  
  78  11:33  Zealot x2  
  78  11:34  Zealot  
  78  11:35  Zealot  
  78  11:39  Zealot  
  80  11:46  Zealot x3  
  74  11:50  Zealot  
  67  12:01  Zealot  
  67  12:02  Zealot x3  
  71  12:09  Zealot  
  71  12:10  Zealot  
  71  12:11  High Templar  
  71  12:12  High Templar  
  76  12:17  Archon  
  74  12:25  Zealot x3  
  74  12:27  Zealot  
  78  12:36  Stalker x2  
  80  12:44  Zealot x2  
  82  12:54  Stalker x2  
  82  12:55  Zealot  
  75  13:06  Zealot x2  
  75  13:07  Zealot x2  
  81  13:16  Stalker x2  
Show
View Real Time Build Order
Export as new Build Order

Clem Terran - Winner!

Build Orders:  

Get SALT Encoding   

  12  0:00  SCV  
  13  0:12  SCV  
  14  0:17  Supply Depot  
  14  0:24  SCV  
  15  0:38  SCV  
  15  0:39  Barracks  
  16  0:43  Refinery  
  16  0:50  SCV  
  17  1:02  SCV  
  18  1:14  SCV  
  19  1:27  Orbital Command  
  19  1:28  Barracks Reactor  
  19  1:40  Command Center  
  19  1:50  Supply Depot  
  19  1:52  SCV  
  20  2:04  Marine x2, SCV  
  23  2:12  Barracks  
  23  2:16  SCV  
  23  2:21  Marine  
  23  2:22  Marine  
  26  2:26  Barracks  
  26  2:29  SCV  
  26  2:39  Marine x2  
  26  2:41  SCV  
  29  2:52  Orbital Command  
  29  2:53  SCV  
  29  2:58  Marine x2  
  32  3:03  Barracks Tech Lab  
  32  3:06  SCV  
  32  3:07  Engineering Bay  
  33  3:14  Barracks Tech Lab  
  33  3:15  Marine  
  33  3:16  Marine  
  33  3:18  SCV x2  
  37  3:22  Stimpack  
  37  3:23  Marine  
  38  3:29  Supply Depot  
  38  3:30  SCV  
  38  3:31  SCV  
  38  3:33  Marine  
  41  3:34  Marine  
  41  3:35  Marine  
  43  3:42  SCV  
  43  3:43  Marine, SCV  
  45  3:51  Marine  
  45  3:52  Marine  
  45  3:54  Supply Depot, SCV  
  45  3:55  SCV, Marauder  
  46  4:05  Refinery, Missile Turret  
  46  4:06  SCV, Marauder  
  46  4:08  SCV  
  46  4:09  Marine  
  49  4:10  Marine  
  49  4:16  Bunker  
  49  4:17  Marauder  
  52  4:19  SCV  
  52  4:20  SCV  
  54  4:28  Marauder  
  54  4:29  Marine x2  
  58  4:33  SCV  
  58  4:34  Supply Depot  
  58  4:36  SCV  
  58  4:38  Marauder  
  62  4:40  Factory  
  62  4:44  Refinery  
  62  4:46  Supply Depot  
  62  4:56  Marine x2, SCV x2  
  62  4:58  Combat Shield  
  66  5:00  Supply Depot, Marauder  
  66  5:05  Marauder  
  70  5:08  SCV x2  
  70  5:13  Refinery, Supply Depot  
  70  5:14  Marine x2  
  72  5:18  Terran Infantry Weapons Level 1  
  72  5:20  SCV  
  75  5:24  Marauder  
  75  5:26  SCV  
  77  5:30  Bunker, Factory Tech Lab  
  77  5:32  Marine x2  
  73  5:38  Marauder  
  73  5:39  SCV  
  76  5:48  SCV  
  77  5:51  SCV, Siege Tank  
  77  5:54  Marine x2  
  77  5:55  Supply Depot, Marauder  
  83  5:57  Starport  
  83  6:00  SCV  
  78  6:05  Supply Depot  
  78  6:08  Marauder  
  80  6:11  Concussive Shells  
  80  6:12  Marine x2  
  80  6:18  Supply Depot  
  82  6:19  Marauder  
  82  6:24  Missile Turret  
  82  6:28  Siege Tank  
  82  6:30  Marine x2  
  82  6:32  Marauder  
  85  6:39  Marine, Starport Reactor  
  85  6:41  Barracks  
  85  6:43  Barracks  
  85  6:47  Marine x2  
  85  6:53  Marauder  
  88  6:54  SCV x2  
  88  6:58  Marauder  
  88  7:03  Siege Tank  
  88  7:05  Marine  
  88  7:07  Marine  
  88  7:08  Supply Depot  
  93  7:14  Terran Infantry Armor Level 1  
  95  7:17  Medivac x2  
  95  7:18  Marauder  
  99  7:23  Marine  
  99  7:24  Supply Depot  
  99  7:25  Marine  
  99  7:29  Marauder  
  99  7:30  Barracks Tech Lab  
  99  7:32  Barracks Reactor  
  99  7:39  Siege Tank  
  99  7:40  Marauder  
  99  7:41  Marine  
  99  7:43  Marine, Supply Depot  
  106  7:51  Marauder  
  104  7:52  Marauder  
  104  7:56  Supply Depot, Medivac  
  108  8:01  Marine, Marauder  
  111  8:06  Marine, Supply Depot  
  111  8:08  Medivac  
  111  8:09  Marine  
  111  8:10  Marine  
  111  8:12  Marauder  
  118  8:13  Marauder  
  118  8:19  Marine  
  120  8:22  Marauder  
  120  8:25  Siege Tank  
  120  8:26  Marine  
  110  8:33  Marauder  
  103  8:34  Marine x2, Marauder  
  103  8:39  Marine, Bunker  
  103  8:40  Medivac  
  93  8:44  Marauder  
  93  8:45  Medivac  
  93  8:46  Marine  
  98  8:52  Marine x2, Engineering Bay  
  98  8:55  Marauder  
  102  8:57  Marine, Marauder  
  95  9:04  Marine  
  95  9:07  Marine  
  84  9:10  Marine  
  84  9:12  Marine, Medivac  
  84  9:15  Marine x2  
  84  9:16  SCV x2  
  87  9:19  Siege Tank  
  90  9:25  Marauder  
  90  9:26  Marauder  
  90  9:27  Marine  
  90  9:31  Marine x2  
  95  9:38  Marauder  
  99  9:47  Marauder  
  101  9:55  Barracks Reactor, Marauder  
  101  9:56  Marine x2  
  101  9:59  Marauder  
  107  10:01  Medivac x2  
  107  10:04  Widow Mine x2  
  115  10:13  Marauder  
  117  10:14  Marine x2  
  117  10:18  Marauder  
  123  10:21  Marauder  
  123  10:26  Widow Mine  
  125  10:33  Marine  
  125  10:35  Marauder  
  126  10:39  Marauder  
  126  10:40  Marine x2  
  126  10:42  Widow Mine  
  129  10:43  Marauder  
  129  10:49  Widow Mine  
  131  10:50  Medivac  
  131  10:54  Marine x2  
  135  10:58  Marauder  
  135  11:03  Widow Mine  
  134  11:04  Medivac  
  134  11:10  Marine, Widow Mine  
  128  11:14  Marine  
  128  11:17  Marine  
  116  11:20  Medivac  
  116  11:21  Marine x2  
  116  11:25  Widow Mine  
  115  11:28  Marine  
  115  11:31  Widow Mine  
  115  11:32  Marine  
  114  11:34  Marine, Medivac  
  104  11:42  Marine x2  
  99  11:48  Marine  
  99  11:50  Orbital Command, Medivac  
  99  11:52  Marine  
  103  11:55  Widow Mine  
  103  12:00  Widow Mine  
  104  12:04  Medivac  
  101  12:08  Marine x2  
  101  12:12  Marine  
  102  12:16  Marine x2  
  102  12:21  Widow Mine  
  102  12:25  Marine  
  102  12:26  Marine  
  102  12:30  Widow Mine  
  102  12:33  Marine  
  103  12:37  Marine  
  103  12:38  Marine  
  103  12:39  Marauder  
  103  12:43  Widow Mine  
  109  12:46  Marine  
  109  12:49  Marauder  
  112  12:52  Marauder  
  112  12:59  Widow Mine  
  112  13:01  Marine  

Tags
 
Add a new tag
Caveats
  • Supply blocks, unpowered buildings, or Contaminate may cause inaccurate times.
  • Supply counts are checked every 10 seconds.